 Dungeon Crawl Stone Soup version 0.28-b1-25-g9875b3fc8c (webtiles) character file.

Game seed: 3723835595977553148

61 mopl the Sneak (level 4, -6/31 HPs)
             Began as an Octopode Delver on Feb 8, 2022.
             Mangled by a killer bee (9 damage)
             ... on level 6 of the Dungeon.
             The game lasted 00:00:38 (120 turns).

mopl the Sneak (Octopode Delver)                     Turns: 120, Time: 00:00:39

Health: -6/31      AC:  1    Str: 11    XL:     4   Next: 7%
Magic:  4/4        EV: 13    Int: 12    God:
Gold:   0          SH:  0    Dex: 15    Spells: 3/3 levels left

rFire   . . .      SeeInvis .   a - +0 falchion
rCold   . . .      Faith    .   (no shield)
rNeg    . . .      Spirit   .   (helmet restricted)
rPois   .          Reflect  .   (no amulet)
rElec   .          Harm     .   (no ring)
rCorr   .          Rampage  .   (no ring)
Will    .....                   (no ring)
Stlth   +++++.....              (no ring)
HPRegen 0.10/turn               (no ring)
MPRegen 0.09/turn               (no ring)
                                (no ring)
                                (no ring)

@: no status effects
A: almost no armour, amphibious, 8 rings, camouflage 1, gelatinous body 1,
(nimble swimmer 1), tentacles
a: no special abilities


You were on level 6 of the Dungeon.
You visited 1 branch of the dungeon, and saw 2 of its levels.

Inventory:

Hand Weapons
 a - a +0 falchion (weapon)
Wands
 f - a wand of digging (3)
Scrolls
 b - a scroll of fog
 c - a scroll of magic mapping
Potions
 e - a potion of haste


   Skills:
 + Level 3.2 Fighting
 * Level 2.5 Long Blades
 + Level 2.1 Dodging
 + Level 7.8 Stealth


You had 3 spell levels left.
You didn't know any spells.
Your spell library was empty.

Dungeon Overview and Level Annotations

Branches:
Dungeon (6/15)
 Temple: D:4-7

Altars:

Annotations:
D:6 Eustachio


Innate Abilities, Weirdness & Mutations

You cannot wear most types of armour.
You are amphibious.
You can wear up to eight rings at the same time.
Your skin changes colour to match your surroundings (Stealth+).
Your rubbery body absorbs attacks. (AC +1, EV +1)
((You are camouflaged when in or above water. (Stealth+)))
You have tentacles for arms and can constrict up to eight enemies at once.


Message History

A black bear comes into view.
Eustachio shouts!
You hit Eustachio. Your grab misses Eustachio.
Eustachio is lightly wounded.
Eustachio gestures wildly while chanting. x2
You closely miss Eustachio. Your grab misses Eustachio.
Eustachio is lightly wounded.
The ufetubus disappears in a puff of smoke!
Eustachio closely misses you. The iron imp closely misses you.
Unknown command.
You hit Eustachio. Your grab misses Eustachio. Your squeeze misses Eustachio.
Eustachio is lightly wounded.
The ufetubus hits you but does no damage.
The ufetubus hits you. x4
* * * LOW HITPOINT WARNING * * *
The ufetubus hits you.
* * * LOW HITPOINT WARNING * * *
The ufetubus barely misses you. The ufetubus hits you.
* * * LOW HITPOINT WARNING * * *
Eustachio closely misses you.
Unknown command.
As you read the scroll of fear, it crumbles to dust.
You assume a fearsome visage.
Eustachio looks frightened!
The black bear looks frightened!
The iron imp looks frightened!
The ufetubus looks frightened! x2
Eustachio mumbles some strange words.
Eustachio blinks!
Unknown command.
Eustachio gestures wildly while chanting.
Eustachio blinks!
The killer bee buzzes angrily.
You hear an angry buzzing noise.
Found 12 bolts.
The killer bee barely misses you.
You miss the killer bee. You grab the killer bee.
You constrict the killer bee, but do no damage.
The killer bee closely misses you. x2
You hit the killer bee but do no damage.
Your squeeze misses the killer bee. You constrict the killer bee.
The killer bee closely misses you. The killer bee stings you!
You die...

....<.....##.......##
...###..................
.y.[....................
...###................(.
. #..................
###.....#....##......
#....................
#....................
#.........##y@.......
#5........##.........
#[.....5..##...###...
############...# . #...#
#####


You could see a killer bee.

Vanquished Creatures
  2 hounds (D:5)
2 creatures vanquished.

Notes
Turn   | Place    | Note
-------+----------+-------------------------------------------
     0 | D:5      | mopl the Octopode Delver began the quest for the Orb.
     0 | D:5      | Reached XP level 1. HP: 16/16 MP: 1/1
     4 | D:5      | Noticed a hound
     6 | D:5      | Noticed a sky beast
     9 | D:5      | Noticed a hound
    14 | D:5      | Killed a hound
    15 | D:5      | Reached skill level 7 in Stealth
    15 | D:5      | Reached XP level 2. HP: 8/21 MP: 2/2
    15 | D:5      | Reached XP level 3. HP: 11/26 MP: 3/3
    18 | D:5      | Reached XP level 4. HP: 9/31 MP: 4/4
   102 | D:6      | Noticed Eustachio
   106 | D:6      | Noticed a black bear
   120 | D:6      | Mangled by a killer bee

Illustrated notes

Levels and vault maps discovered:
D:5:      layout_basic
D:6:      layout_basic, ebering_ghost_inner_flame, minmay_pentangle,
          uniq_eustachio

Skill      XL: |  1 |
---------------+----+-----
Stealth        | 7 |  7.8
Fighting       | |  3.2
Long Blades    | |  2.5
Dodging        | |  2.1

Action                   |  1- 3 |  4- 6 || total
-------------------------+-------+-------++-------
Melee: Falchion          |     9 |     5 ||    14
       Constrict         |     2 |     1 ||     3
       Tentacles         |     2 |       ||     2
       Punch             |     1 |       ||     1
  Use: Scroll            |       |     1 ||     1
Armor: Skin              |       |     1 ||     1
Dodge: Dodged            |    10 |     8 ||    18
